Map: Dusk Towers

Players

PsychO - Winner!

  • Race: Zerg Zerg
  • League: Grandmaster

Pokebunny

  • Race: Terran Terran
  • League: Grandmaster

VOD

Have the link to the VOD?

Description

Time

  • Played on: April 5, 2016, 10:51 p.m.
  • Length: 5:20
Show
View Real Time Build Order
Export as new Build Order

PsychO Zerg - Winner!

Build Orders: Hatch First 

Get SALT Encoding   

  12  0:01  Drone  
  13  0:13  Overlord  
  13  0:18  Drone  
  14  0:23  Extractor  
  14  0:24  Drone  
  15  0:32  Drone  
  16  0:36  Drone  
  17  0:53  Hatchery  
  17  0:56  Drone  
  17  0:59  Drone  
  18  1:10  Extractor  
  17  1:14  Spawning Pool  
  17  1:16  Drone  
  17  1:20  Drone  
  18  1:29  Drone  
  19  1:39  Overlord  
  19  2:02  Queen  
  19  2:03  Zergling x4  
  19  2:05  Queen  
  19  2:06  Drone  
  26  2:09  Metabolic Boost  
  26  2:13  Drone  
  27  2:16  Drone  
  28  2:25  Drone  
  29  2:37  Zergling x2  
  29  2:38  Overlord  
  29  2:39  Queen  
  31  2:47  Pneumatized Carapace  
  32  2:58  Zergling x8  
  32  2:59  Evolution Chamber  
  32  3:05  Zergling x4  
  36  3:12  Zergling x8  
  39  3:28  Zergling x8  
  43  3:37  Overlord x2  
  43  3:46  Zergling x2  
  44  3:54  Overlord  
  44  3:56  Zergling x8  
  44  3:58  Zergling x2  
  48  4:06  Zergling x4  
  46  4:22  Zergling x4  
  48  4:27  Queen x2  
  48  4:39  Zergling x4  
  48  4:40  Zergling x4  
  51  4:54  Zergling x4  
  53  5:08  Hatchery  
Show
View Real Time Build Order
Export as new Build Order

Pokebunny Terran 

Build Orders: Liberator Opening, Reaper Expand 

Get SALT Encoding   

  12  0:01  SCV  
  13  0:13  SCV  
  14  0:17  Supply Depot  
  14  0:25  SCV  
  15  0:39  SCV  
  15  0:42  Barracks  
  16  0:45  Refinery  
  16  0:51  SCV  
  17  1:03  SCV  
  18  1:15  SCV  
  19  1:29  Orbital Command  
  19  1:30  Reaper  
  20  1:40  Command Center  
  20  1:52  Supply Depot  
  20  1:54  SCV  
  21  2:01  Marine  
  21  2:07  SCV  
  23  2:17  Factory  
  23  2:18  Refinery  
  23  2:19  SCV  
  24  2:24  Barracks Reactor  
  24  2:31  SCV  
  25  2:43  SCV  
  26  2:52  Orbital Command  
  26  2:54  Command Center  
  26  2:55  SCV  
  27  3:06  Starport  
  27  3:10  Hellion  
  29  3:15  Hellion  
  31  3:22  Barracks Tech Lab  
  31  3:28  Liberator  
  31  3:33  Hellion  
  33  3:35  SCV x2  
  33  3:36  Hellion  
  40  3:49  Supply Depot, SCV x2  
  40  3:54  Marine  
  43  4:11  Orbital Command, Marine  
  43  4:16  Barracks  
  44  4:19  Barracks  
  44  4:20  Factory Reactor  
  44  4:27  SCV  
  43  4:32  Marine  
  27  5:01  Marine  
Tags
 
Add a new tag
Caveats
  • Supply blocks, unpowered buildings, or Contaminate may cause inaccurate times.
  • Supply counts are checked every 10 seconds.